 Dungeon Crawl Stone Soup version 0.22-a0-369-gc73351f (webtiles) character file.

21781 Klosterheim the Fencer (level 13, -20/100 HPs)
             Began as a Formicid Monk on Apr 24, 2018.
             Was the Champion of Nemelex Xobeh.
             Killed from afar by a rime drake (30 damage)
             ... with a flash freeze
             ... on level 3 of the Lair of Beasts.
             The game lasted 01:04:09 (20600 turns).

Klosterheim the Fencer (Formicid Monk)             Turns: 20600, Time: 01:04:09

Health: -20/100    AC: 12    Str: 17    XL:     13   Next: 22%
Magic:  19/19      EV: 12    Int: 14    God:    Nemelex Xobeh [******]
Gold:   552        SH:  5    Dex: 13    Spells: 9/13 levels left

rFire    + + .     SeeInvis +   A - +4 great sword
rCold    . . .     Gourm    .   a - +0 buckler
rNeg     . . .     Faith    +   D - +1 fire dragon scales
rPois    .         Spirit   .   (helmet unavailable)
rElec    .         Reflect  .   (no cloak)
rCorr    .         Harm     .   (no gloves)
MR       ++...                  w - +0 pair of boots
Stlth    +.........             u - amulet of faith
HPRegen  0.26/turn              m - ring of protection from cold
MPRegen  0.16/turn              F - ring of protection from magic

@: no status effects
A: permanent stasis, dig shafts and tunnels, four strong arms, antennae 3
a: Dig, Shaft Self, Triple Draw, Deal Four, Stack Five, Renounce Religion


You were on level 3 of the Lair of Beasts.
You worshipped Nemelex Xobeh.
Nemelex Xobeh was exalted by your worship.
You were not hungry.

You visited 3 branches of the dungeon, and saw 15 of its levels.
You also visited: Labyrinth and Sewer.

You collected 552 gold pieces.

Inventory:

Hand Weapons
 x - a +2 scimitar of flaming
 A - a +4 great sword (weapon)
Missiles
 j - a throwing net (quivered)
Armour
 a - a +0 buckler (worn)
 i - a +1 ring mail
 w - a +0 pair of boots (worn)
 D - +1 fire dragon scales (worn)
 E - a +2 scale mail of positive energy
Jewellery
 m - a ring of protection from cold (left hand)
 n - an uncursed ring of flight
 u - an amulet of faith (around neck)
 F - a ring of protection from magic (right hand)
 H - an uncursed ring of protection from fire
 N - an uncursed amulet of regeneration {unknown}
Wands
 h - a wand of disintegration (6)
 p - a wand of polymorph (26)
 q - a wand of clouds (2)
 r - a wand of enslavement (10)
 y - a wand of iceblast (16)
 B - a wand of flame (59)
Scrolls
 b - 6 scrolls of remove curse
 e - 4 scrolls of amnesia
 f - 2 scrolls of enchant armour
 z - a scroll of fear
 O - a scroll of magic mapping
Potions
 d - 4 potions of curing
 g - 2 potions of mutation
 v - 2 potions of magic
 C - 2 potions of ambrosia
 J - a potion of invisibility {unknown}
 L - a potion of degeneration {unknown}
Miscellaneous
 k - a plain deck of destruction {drawn: 7}
 l - a plain deck of summoning {drawn: 2}
 o - a legendary deck of escape {the Tomb, left: 3}
 s - a plain deck of escape
 t - a plain deck of summoning
 G - an ornate deck of destruction {drawn: 2}
 I - a legendary deck of destruction {drawn: 1}
 K - an ornate deck of destruction
 M - a legendary deck of summoning
Comestibles
 c - 12 rations


   Skills:
 + Level 8.9 Fighting
 * Level 15.2 Long Blades
 + Level 6.0 Armour
 - Level 6.0 Dodging
 - Level 5.1 Stealth
 - Level 4.0 Shields
 * Level 0.5 Spellcasting
 * Level 0.8 Hexes
 * Level 0.7 Earth Magic
 + Level 9.1 Invocations


You had 9 spell levels left.
You knew the following spells:

 Your Spells              Type           Power        Failure   Level  Hunger
a - Leda's Liquefaction   Hex/Erth       #.........   100%        4    #####..


Dungeon Overview and Level Annotations

Branches:
Dungeon (11/15)            Temple (1/1) D:4            Lair (3/6) D:9
 Shoals (0/4) Lair:2        Snake (0/4) Lair:3
    Orc: D:9-12

Altars:
Ashenzari
Cheibriados
Dithmenos
Elyvilon
Fedhas
Gozag
Hepliaklqana
Kikubaaqudgha
Makhleb
Nemelex Xobeh
Okawaru
Qazlal
Ru
Sif Muna
Trog
Uskayaw
Vehumet
Wu Jian
Xom
Yredelemnul
Zin


Innate Abilities, Weirdness & Mutations

You cannot be hasted, slowed, berserked, paralysed or teleported.
You can dig through walls and to a lower floor.
Your four strong arms can wield two-handed weapons with a shield.
You have a pair of large antennae on your head. (SInv)


Message History

* * * LOW HITPOINT WARNING * * *
You are encased in ice.
Evoke which item? (* to show all) (? for menu, Esc to quit)
You draw a card...
It is the Tomb.
Nothing appears to happen.
The rime drake bites you.
* * * LOW HITPOINT WARNING * * *
You extend your mandibles.
You dig through the rock wall.
The ice encasing you melts away. The rime drake breathes ice at you.
The flash freeze hits you!
* * * LOW HITPOINT WARNING * * *
You are encased in ice.
You dig through the rock wall.
You retract your mandibles.
The ice encasing you melts away. The rime drake breathes ice at you.
The flash freeze hits you!
You die...
Your body disappears without a glow.

..........................≈,≈≈,,,
..(.......................≈≈≈≈≈,≈
....................r...≈≈≈≈≈≈≈≈≈
................###.#{.≈≈≈≈≈≈≈≈≈≈
.................#†####.≈≈≈≈,,≈≈≈
..........>......##.# *.≈≈≈,>≈≈≈≈
................##r##**≈≈≈≈,,≈≈≈≈
.................k##**≈,≈≈≈≈≈≈≈≈≈
................@##**≈*,,≈≈≈≈≈≈≈,
.................#**,***,≈≈≈≈≈≈≈,
..................,,,,,,,,,,≈≈,,,
...................,,,,,,,,,,,,,,
....................,,,,,,,,,,,,,
....P#,*,######.P##P#,,,,,,,,,,,,
...###**** ####*##..........,,
...# *#.........,, ...#
#.........,,


You could see a rime drake and a porcupine.

Vanquished Creatures
  An emperor scorpion (Lab)
  2 hydras (Lair:1)
  3 two-headed ogres
  Erica (D:8)
  Pikel (D:8)
  3 black mambas (Lair:1)
  2 spiny frogs (Lair:1)
  A gargoyle (Lab)
  A komodo dragon (Lair:1)
  2 trolls (D:10)
  Prince Ribbit (D:6)
  A snapping turtle (Lair:2)
  5 hippogriffs
  A wraith (D:10)
  3 wyverns
  10 yaks
  A basilisk (Lair:1)
  4 hungry ghosts
  A warg (D:8)
  Menkaure (D:5)
  4 water moccasins
  A hornet zombie (D:6)
  4 porcupines
  2 black bears (D:9)
  A sky beast (D:8)
  A slave (D:8)
  4 ice beasts
  4 orc warriors
  Purgy (Sewer)
  4 centaurs
  2 phantoms
  6 wolves (Lair:2)
  5 ogres
  8 crocodiles
  3 big kobolds
  10 bullfrogs
  4 scorpions
  29 killer bees
  4 howler monkeys
  7 wights
  A bullfrog zombie (D:5)
  A crimson imp (D:10)
  10 orc priests
  4 hounds
  2 centaur skeletons
  A bullfrog skeleton (D:10)
  5 jellies
  2 iguanas
  12 orc wizards
  4 worker ants
  A hound zombie (D:7)
  2 hound skeletons
  6 gnolls
  13 adders
  A shadow imp (D:5)
  2 oozes
  An adder zombie (D:6)
  3 adder skeletons
  A worm (D:2)
  A dart slug (D:3)
  5 leopard geckos
  48 orcs
  11 bats
  3 giant cockroaches
  3 goblins
  7 hobgoblins
  17 jackals
  4 quokkas
  3 ball pythons
  2 frilled lizards (D:3)
  28 kobolds
  6 rats
359 creatures vanquished.

Vanquished Creatures (collateral kills)
  Gastronok (D:8)
  A spiny frog (Lair:1)
  A queen bee (Lair:2)
  Eustachio (D:5)
  An orc warrior (D:7)
  A gnoll sergeant (D:6)
  3 gnolls (D:6)
9 creatures vanquished.

Vanquished Creatures (others)
  2 yaks (Lair:2)
  3 slaves (D:8)
  A bullfrog (D:8)
  A killer bee zombie (D:8)
  A ball lightning (Lair:2)
  2 fungi
  9 plants
19 creatures vanquished.

Grand Total: 387 creatures vanquished

Notes
Turn   | Place    | Note
-------+----------+-------------------------------------------
     0 | D:1      | Klosterheim the Formicid Monk began the quest for the Orb.
     0 | D:1      | Reached XP level 1. HP: 18/18 MP: 1/1
   440 | D:1      | Reached XP level 2. HP: 24/24 MP: 2/2
   689 | D:1      | Reached XP level 3. HP: 19/29 MP: 3/3
  1162 | D:2      | Found a sacrificial altar of Ru.
  1323 | D:2      | Found a shimmering altar of Xom.
  1447 | D:2      | Reached XP level 4. HP: 37/37 MP: 4/4
  1701 | D:2      | Found an opulent altar of Gozag.
  1807 | D:3      | Reached skill level 4 in Long Blades
  1842 | D:3      | Reached XP level 5. HP: 28/43 MP: 5/5
  3288 | D:3      | Found a radiant altar of Vehumet.
  3599 | D:4      | Reached skill level 5 in Fighting
  3599 | D:4      | Reached XP level 6. HP: 51/51 MP: 6/6
  3607 | D:4      | Found a staircase to the Ecumenical Temple.
  3674 | Temple   | Entered the Ecumenical Temple
  3698 | Temple   | Became a worshipper of Nemelex Xobeh the Trickster
  3698 | Temple   | Received a gift from Nemelex Xobeh
  3698 | Temple   | Reached * piety under Nemelex Xobeh
  3698 | Temple   | Reached ** piety under Nemelex Xobeh
  3794 | D:4      | Received a gift from Nemelex Xobeh
  3954 | D:4      | Found a white marble altar of Elyvilon.
  3961 | D:4      | Reached skill level 1 in Armour
  4249 | D:5      | Entered Level 5 of the Dungeon
  4273 | D:5      | Found a shadowy altar of Dithmenos.
  4368 | D:5      | Reached skill level 5 in Long Blades
  4781 | D:5      | Reached XP level 7. HP: 39/56 MP: 7/7
  4943 | D:5      | Found an iron altar of Okawaru.
  5353 | D:5      | Found an ancient bone altar of Kikubaaqudgha.
  5359 | D:5      | Noticed Menkaure
  5369 | D:5      | Killed Menkaure
  5369 | D:5      | Reached skill level 1 in Invocations
  5406 | D:5      | Noticed Eustachio
  5422 | D:5      | Killed Eustachio
  5881 | D:6      | Found a glowing drain.
  5886 | D:6      | Reached skill level 6 in Long Blades
  5900 | D:6      | Reached XP level 8. HP: 56/62 MP: 10/10
  5936 | Sewer    | Entered a sewer
  6004 | Sewer    | Noticed Purgy
  6011 | Sewer    | Killed Purgy
  6200 | D:6      | HP: 2/62 [hornet zombie (10)]
  7004 | D:6      | Reached skill level 5 in Invocations
  7028 | D:6      | Reached skill level 7 in Long Blades
  7359 | D:6      | Reached *** piety under Nemelex Xobeh
  7431 | D:6      | Noticed Prince Ribbit
  7432 | D:6      | Noticed an ice devil
  7440 | D:6      | HP: 3/62 [ice devil[the player character] (6)]
  7448 | D:6      | HP: 3/62 [Prince Ribbit (1)]
  7838 | D:6      | Killed Prince Ribbit
  7936 | D:6      | Received a gift from Nemelex Xobeh
  8164 | D:6      | Reached skill level 8 in Long Blades
  8723 | D:7      | Reached XP level 9. HP: 61/68 MP: 12/12
  9873 | D:7      | Found an iron altar of Okawaru.
  9909 | D:7      | Found a basalt altar of Yredelemnul.
  9936 | D:7      | Received a gift from Nemelex Xobeh
  9953 | D:7      | Found a stormy altar of Qazlal.
 10325 | D:7      | Reached skill level 1 in Shields
 10478 | D:8      | Reached skill level 9 in Long Blades
 10503 | D:8      | Noticed a two-headed ogre
 10509 | D:8      | Noticed a hippogriff
 10510 | D:8      | Noticed a hornet
 10535 | D:7      | Killed a two-headed ogre
 10535 | D:7      | Reached skill level 5 in Dodging
 10535 | D:7      | Reached skill level 5 in Stealth
 10535 | D:7      | Reached XP level 10. HP: 45/76 MP: 14/14
 10947 | D:8      | Reached **** piety under Nemelex Xobeh
 11649 | D:8      | Noticed Erica
 11665 | D:8      | Noticed Pikel
 11673 | D:8      | Killed Pikel
 11682 | D:8      | Killed Erica
 11682 | D:8      | Reached skill level 10 in Long Blades
 12047 | D:8      | Noticed a two-headed ogre
 12054 | D:8      | Killed a two-headed ogre
 12193 | D:8      | Received a gift from Nemelex Xobeh
 12202 | D:8      | Reached XP level 11. HP: 72/84 MP: 16/16
 12557 | D:8      | Reached skill level 11 in Long Blades
 12806 | D:8      | Noticed Gastronok
 12827 | D:8      | Killed Gastronok
 12827 | D:8      | Reached skill level 12 in Long Blades
 12834 | D:8      | Noticed a two-headed ogre
 12847 | D:8      | Killed a two-headed ogre
 13067 | D:8      | Found a hide-covered altar of Uskayaw.
 13068 | D:8      | Found a deep blue altar of Sif Muna.
 13070 | D:8      | Found a bloodstained altar of Trog.
 13395 | D:8      | Found a hide-covered altar of Uskayaw.
 13396 | D:8      | Found a deep blue altar of Sif Muna.
 13398 | D:8      | Found a bloodstained altar of Trog.
 14170 | D:9      | Received a gift from Nemelex Xobeh
 14173 | D:9      | Found a staircase to the Lair.
 14564 | D:9      | Reached skill level 13 in Long Blades
 15006 | D:9      | Reached ***** piety under Nemelex Xobeh
 15537 | D:10     | Entered Level 10 of the Dungeon
 15548 | D:10     | Received a gift from Nemelex Xobeh
 15784 | D:10     | Reached XP level 12. HP: 91/91 MP: 18/18
 15950 | D:10     | Reached skill level 14 in Long Blades
 16057 | D:10     | Received a gift from Nemelex Xobeh
 16246 | Lair:1   | Entered Level 1 of the Lair of Beasts
 16356 | Lair:1   | Noticed a seven-headed hydra
 16362 | Lair:1   | Killed a seven-headed hydra
 16546 | Lair:1   | Noticed a four-headed hydra
 16557 | Lair:1   | Killed a one-headed hydra
 16557 | Lair:1   | Reached skill level 5 in Armour
 16898 | Lair:1   | Received a gift from Nemelex Xobeh
 17814 | Lair:2   | Received a gift from Nemelex Xobeh
 18158 | Lair:2   | Received a gift from Nemelex Xobeh
 18407 | Lair:2   | Reached XP level 13. HP: 55/99 MP: 19/19
 19010 | Lair:2   | Found a staircase to the Shoals.
 19025 | Lair:2   | Reached skill level 15 in Long Blades
 19118 | Lair:2   | Received a gift from Nemelex Xobeh
 19796 | Lair:3   | Received a gift from Nemelex Xobeh
 19820 | Lair:3   | Found a staircase to the Snake Pit.
 19832 | Lair:3   | Found a labyrinth entrance.
 19841 | Lab      | Entered a labyrinth
 20022 | Lab      | Noticed a minotaur
 20022 | Lab      | Noticed an emperor scorpion
 20022 | Lab      | a minotaur changed into an emperor scorpion
 20035 | Lab      | Killed an emperor scorpion
 20098 | Lab      | Identified Sif Muna's Arcane Secrets of Secret Knowledge
 20369 | Lab      | Learned a level 4 spell: Leda's Liquefaction
 20404 | Lair:3   | Reached ****** piety under Nemelex Xobeh
 20569 | Lair:3   | Received a gift from Nemelex Xobeh
 20600 | Lair:3   | Killed from afar by a rime drake

Vault maps used:
D:1:      elethiomel_arrival_infinity_welcomes_careful_drivers, minmay_quantized
D:2:      nicolae_gozag_seed_capital, marbit_many_paths, nicolae_ru_awakened_eye
D:3:      lemuel_round_altar
D:4:      elyvilon_altar_4, minmay_temple_entry_grid, first_ration
D:5:      lemuel_doored_altar, kennysheep_mini_moat,
          nicolae_dithmenos_shadow_blocks, uniq_menkaure, uniq_eustachio
D:6:      gup_sewer_entry_glass, grunt_ministairs_6, uniq_prince_ribbit1
D:7:      nicolae_qazlal_general_emergency, lemuel_coloured_pillars_altar,
          basic_altar
D:8:      minitemple, uniq_pikel, uniq_erica, uniq_gastronok
D:9:      grunt_lair_entry_orc_guard_hut
D:11:     orc_0_dummy, basic_altar, grunt_ministairs_1, hangedman_stone_soup,
          uniq_psyche, uniq_grum, uniq_josephine
Temple:   eino_temple_lava
Lair:1:   patterned_corridor, infiniplex_staircase_pool, serial_bayou_shore_a
Lair:2:   minmay_shoals_entry_hut, special_room
Lair:3:   dummy_snake_entry, lab_entry_generic, infiniplex_staircase_pool_2
Lab:      labyrinth_watery, labyrinth_skeletal_remains, nicolae_lab_garden,
          nicolae_lab_swirl, nicolae_lab_blocks
Sewer:    kennysheep_door_sewer

Skill      XL: |  1  2  3  4  5  6  7  8  9 10 11 12 13 |
---------------+----------------------------------------+-----
Dodging        | 3 4 5 6 |  6.0
Stealth        | 3 5 |  5.1
Fighting       | 4 5 6 7 8 |  8.9
Long Blades    | 4 5 6 8 9 10 13 14 15 | 15.2
Armour         | 2 4 5 6 |  6.0
Invocations    | 3 5 6 7 8 9 |  9.1
Shields        | 3 4 |  4.0
Spellcasting   | |  0.5
Hexes          | |  0.8
Earth Magic    | |  0.7

Action                   |  1- 3 |  4- 6 |  7- 9 | 10-12 | 13-15 || total
-------------------------+-------+-------+-------+-------+-------++-------
Melee: Falchion          |    89 |   275 |   394 |       |       ||   758
       Long sword        |       |       |    94 |    57 |       ||   151
       Great sword       |       |       |       |   314 |   116 ||   430
       Scimitar          |       |       |       |   162 |       ||   162
Invok: Stack Five        |       |       |       |     1 |       ||     1
 Abil: Dig               |     2 |     7 |    28 |    37 |    12 ||    86
Evoke: Deck              |       |     6 |    14 |    26 |     7 ||    53
       Wand              |       |       |     6 |     1 |       ||     7
  Use: Scroll            |     2 |     6 |     4 |     5 |     1 ||    18
       Potion            |       |     2 |     3 |     2 |     1 ||     8
 Stab: Sleeping          |     2 |     1 |     4 |     2 |       ||     9
       Petrified         |       |       |     2 |       |       ||     2
       Distracted        |       |       |     4 |     4 |     2 ||    10
  Eat: Chunk             |     2 |    11 |    24 |    25 |     3 ||    65
       Ration            |       |       |     6 |     2 |     2 ||    10
Armor: Robe              |     4 |       |       |       |       ||     4
       Ring mail         |    20 |    91 |    98 |    37 |       ||   246
       Scale mail        |       |       |       |    91 |    27 ||   118
       Fire dragon scale |       |       |       |       |    11 ||    11
Dodge: Dodged            |    66 |   174 |   222 |   239 |    67 ||   768
Block: Buckler           |       |       |     6 |   102 |    30 ||   138
       Rpst.: Falchion   |    18 |    47 |    54 |       |       ||   119
       Long sword        |       |       |    15 |     5 |       ||    20
       Great sword       |       |       |       |    48 |    19 ||    67
       Scimitar          |       |       |       |    15 |       ||    15

Table legend:
 A = Spawn XP
 B = Non-spawn XP
 C = Spawn XP percentage of total XP
 D = Spawn monster count
 E = Non-spawn monster count
 F = Spawn count percentage of total count
 G = Total turns spent on level
                    A         B        C        D         E        F      G
               +---------+---------+-------+---------+---------+-------+---------
         Total |       0 |   31116 |   0.0 |       0 |     369 |   0.0 | 20600
               +---------+---------+-------+---------+---------+-------+---------
           D:1 |       0 |      40 |   0.0 |       0 |      16 |   0.0 |  1079
           D:2 |       0 |      53 |   0.0 |       0 |      18 |   0.0 |  1167
           D:3 |       0 |     154 |   0.0 |       0 |      31 |   0.0 |  1147
           D:4 |       0 |      69 |   0.0 |       0 |      11 |   0.0 |   822
           D:5 |       0 |     569 |   0.0 |       0 |      22 |   0.0 |  2110
           D:6 |       0 |    1045 |   0.0 |       0 |      32 |   0.0 |  2172
           D:7 |       0 |    2590 |   0.0 |       0 |      32 |   0.0 |  2353
           D:8 |       0 |    6855 |   0.0 |       0 |      41 |   0.0 |  2865
           D:9 |       0 |    2984 |   0.0 |       0 |      52 |   0.0 |  1585
          D:10 |       0 |    4216 |   0.0 |       0 |      48 |   0.0 |   679
        Lair:1 |       0 |    5607 |   0.0 |       0 |      15 |   0.0 |  1863
        Lair:2 |       0 |    4738 |   0.0 |       0 |      38 |   0.0 |  1676
        Lair:3 |       0 |     753 |   0.0 |       0 |       5 |   0.0 |   286
           Lab |       0 |    1320 |   0.0 |       0 |       2 |   0.0 |   529
         Sewer |       0 |     123 |   0.0 |       0 |       6 |   0.0 |   231
               +---------+---------+-------+---------+---------+-------+---------
